 Dungeon Crawl Stone Soup version 0.26-a0-651-gb41185065b (webtiles) character file.

Game seed: 6036983869834583931

43 Azzok the Digger (level 3, -1/24 HPs)
             Began as a Demonspawn Earth Elementalist on Oct 18, 2020.
             Slain by an adder (2 damage)
             ... on level 2 of the Dungeon.
             The game lasted 00:02:21 (2004 turns).

Azzok the Digger (Demonspawn Earth Elementalist)    Turns: 2004, Time: 00:02:22

Health: -1/24      AC:  2    Str:  8    XL:     3   Next: 37%
Magic:  1/6        EV: 12    Int: 17    God:
Gold:   85         SH:  0    Dex: 13    Spells: 2/6 levels left

rFire    . . .     SeeInvis .   (no weapon)
rCold    . . .     Faith    .   (no shield)
rNeg     . . .     Spirit   .   c - +0 robe
rPois    .         Reflect  .   (no helmet)
rElec    .         Harm     .   (no cloak)
rCorr    .         Rampage  .   (no gloves)
MR       .....                  (no boots)
Stlth    ++........             (no amulet)
HPRegen  0.08/turn              (no ring)
MPRegen  0.10/turn              (no ring)

@: lethally poisoned (-1 -> -8)
A: powered by pain 1
a: no special abilities


You were on level 2 of the Dungeon.
You visited 1 branch of the dungeon, and saw 2 of its levels.

You collected 85 gold pieces.

Inventory:

Armour
 c - a +0 robe (worn)
Jewellery
 d - a cursed -4 ring of protection {unknown}
Scrolls
 a - 3 scrolls of remove curse {unknown}
 b - a scroll of fear {unknown}
 e - 2 scrolls of identify {unknown}


   Skills:
 - Level 1.7 Dodging
 - Level 1.7 Stealth
 - Level 2.0 Spellcasting
 * Level 0.3 Conjurations
   Level 0.8 Transmutations
 + Level 4.0 Earth Magic


You had 2 spell levels left.
You knew the following spells:

 Your Spells              Type           Power        Failure   Level
a - Sandblast             Erth           ###...       3%          1
b - Stone Arrow           Conj/Erth      #.....       24%         3

Your spell library contained the following spells:

 Spells                   Type           Power        Failure   Level
 Passwall                 Tmut/Erth      ##......     11%         2
 Petrify                  Tmut/Erth      ##......     56%         4
 Lee's Rapid Deconstruct  Erth           ###.......   71%         5


Dungeon Overview and Level Annotations

Branches:
Dungeon (2/15)

Altars:


Innate Abilities, Weirdness & Mutations

You sometimes gain a little power by taking damage.


Message History

The adder is heavily wounded.
The adder bites you.
You miss the adder.
The adder is heavily wounded.
The adder closely misses you.
You closely miss the adder.
The adder is heavily wounded.
You feel sick. The adder bites you.
* * * LOW HITPOINT WARNING * * *
You are lethally poisoned!
The adder poisons you! The adder barely misses you.
You miss the adder.
The adder is heavily wounded.
The adder bites you.
* * * LOW HITPOINT WARNING * * *
You hit the adder.
The adder is severely wounded.
* * * LOW HITPOINT WARNING * * *
You feel sick. The adder bites you.
You die...

▒▒···▒▒▒▒
▒·······▒
▒▒·▒▒
▒▒▒·▒▒▒▒▒ ▒·▒
▒·▒ ▒·▒ ▒·▒
▒╬▒ ▒·▒ ▒·▒
▒▒▒·▒ ▒▒·▒·▒
▒·S@·▒
╬···=········▒
▒▒▒▒····▒▒▒▒·▒
▒··▒·· ▒·▒▒▒·▒
▒· ·▒ ▒· ·▒ ▒·
··


You could see an adder.

Vanquished Creatures
  An adder (D:2)
  3 leopard geckos
  2 bats
  A giant cockroach (D:1)
  5 goblins
  5 hobgoblins (D:1)
  8 kobolds
  A ball python (D:2)
  3 rats
29 creatures vanquished.

Notes
Turn   | Place    | Note
-------+----------+-------------------------------------------
     0 | D:1      | Azzok the Demonspawn Earth Elementalist began the quest for
                  | the Orb.
     0 | D:1      | Reached XP level 1. HP: 13/13 MP: 3/3
   484 | D:1      | Reached skill level 3 in Earth Magic
   595 | D:1      | Gained mutation: You sometimes gain a little power by
                  | taking damage. [demonic ancestry]
   595 | D:1      | Reached XP level 2. HP: 19/19 MP: 3/5
  1601 | D:2      | Reached XP level 3. HP: 24/24 MP: 4/6
  1635 | D:2      | Reached skill level 4 in Earth Magic
  1729 | D:2      | Learned a level 3 spell: Stone Arrow
  2004 | D:2      | HP: 1/24 [poisoned by an adder]
  2004 | D:2      | Slain by an adder

Illustrated notes

Levels and vault maps discovered:
D:1:      saegor_arrival_simple_e, layout_basic, minmay_misc_feat_square,
          roderic_roman_lattice
D:2:      layout_loops_corners, uniq_natasha, uniq_terence

Skill      XL: |  1  2  3 |
---------------+----------+-----
Earth Magic    | 3 4 |  4.0
Dodging        | |  1.7
Stealth        | |  1.7
Spellcasting   | |  2.0
Conjurations   | |  0.3
Transmutations | |  0.8

Action                   || total
-------------------------++-------
Melee: Unarmed           ||    35
 Cast: Sandblast         ||    41
       Stone Arrow       ||     5
Armor: Robe              ||     5
Dodge: Dodged            ||    32

Table legend: (Time is in decaauts)
 A = Elapsed time spent in this place.
 B = Non-inter-level travel time spent in this place.
 C = Inter-level travel time spent in this place.
 D = Time resting spent in this place.
 E = Time spent auto-exploring this place.
 F = Levels seen in this place.
 G = Mean time per level.
                   A        B        C        D        E       F      G
               +--------+--------+--------+--------+--------+-----+--------+
         Total |   2003 |   1961 |     42 |    413 |   1288 |   2 | 1001.5 |
       Dungeon |   2003 |   1961 |     42 |    413 |   1288 |   2 | 1001.5 |
               +--------+--------+--------+--------+--------+-----+--------+

Top non-repeatable levels by time:
     D:1: 1521 daAuts
     D:2: 482 daAuts
